 Dungeon Crawl Stone Soup version 0.30-a0-321-gf7783e6616 (webtiles) character file.

Game seed: 10675413190044747205

85 Jorund the Fighter (level 4, 0/45 HPs)
             Began as a Gnoll Wanderer on Oct 26, 2022.
             Slain by a gnoll
             ... wielding a +0 flail
              (6 damage)
             ... on level 2 of the Dungeon.
             The game lasted 00:02:51 (1764 turns).

Jorund the Fighter (Gnoll Wanderer)                 Turns: 1764, Time: 00:02:51

Health: 0/45       AC:  4    Str: 15    XL:     4   Next: 48%
Magic:  8/8        EV: 11    Int: 13    God:
Gold:   86         SH:  0    Dex:  8    Spells: 9/9 levels left

rFire   . . .      SeeInvis .    j - +1 hand axe (elec)
rCold   . . .      Faith    .    (no shield)
rNeg    . . .      Spirit   .    d - +0 leather armour
rPois   .          Reflect  .    f - +0 helmet
rElec   .          Harm     .    (no cloak)
rCorr   .          Rampage  .    (no gloves)
Will    .....                    (no boots)
Stlth   ++........               (no amulet)
HPRegen 0.27/turn                (no ring)
MPRegen 0.11/turn                (no ring)

@: attractive, flying
A: fangs 1, strong nose, distributed training
a: no special abilities


You were on level 2 of the Dungeon.
You visited 1 branch of the dungeon, and saw 2 of its levels.

You collected 86 gold pieces.

Inventory:

Hand Weapons
 a - a +0 club
 j - a +1 hand axe of electrocution (weapon)
 k - a +2 spear of venom
Armour
 d - a +0 leather armour (worn)
 f - a +0 helmet (worn)
Wands
 e - a wand of polymorph (16) (quivered)
Scrolls
 c - 3 scrolls of teleportation
 g - 2 scrolls of identify {unknown}
 h - a scroll of enchant weapon {unknown}
Potions
 b - 2 potions of magic


   Skills:
 + Level 8.6 Fighting
 + Level 1.2 Short Blades
 + Level 1.2 Long Blades
 + Level 1.2 Axes
 + Level 1.2 Maces & Flails
 + Level 1.2 Polearms
 + Level 1.2 Staves
 + Level 1.2 Ranged Weapons
 + Level 1.2 Throwing
 + Level 2.8 Armour
 + Level 1.2 Dodging
 + Level 2.6 Stealth
 + Level 1.2 Shields
 + Level 1.2 Unarmed Combat
 + Level 3.0 Spellcasting
 + Level 1.0 Conjurations
 + Level 1.0 Hexes
 + Level 1.0 Summonings
 + Level 1.0 Necromancy
 + Level 1.0 Translocations
 + Level 1.0 Transmutations
 + Level 1.0 Fire Magic
 + Level 1.0 Ice Magic
 + Level 1.0 Air Magic
 + Level 1.0 Earth Magic
 + Level 1.0 Poison Magic
 + Level 1.3 Invocations
 + Level 6.6 Evocations


You had 9 spell levels left.
You didn't know any spells.
Your spell library contained the following spells:

 Spells                   Type           Power      Damage    Failure   Level
 Necrotise                Necr           16%        1d4       19%         1
 Sublimation of Blood     Necr           4%         N/A       28%         2
 Wereblood                Tmut           4%         N/A       28%         2
 Vampiric Draining        Necr           4%         2d6       50%         3
 Agony                    Necr           4%         N/A       99%         5
 Summon Hydra             Summ           2%         N/A       100%        7


Dungeon Overview and Level Annotations

Branches:
Dungeon (2/15)

Altars:


Innate Abilities, Weirdness & Mutations

You have very sharp teeth.
Your uncanny sense of smell can sniff out nearby items.
Your experience applies equally to all skills.


Message History

You kill the bat!
No target in view!
No target in view!
You see here a bat corpse.
You open the door.
A gnoll comes into view. It is wielding a +0 halberd.
A gnoll is nearby! 2 gnolls come into view.
The gnoll shouts! x2
The gnoll hits you from afar with a +0 halberd!
There is an open door, spattered with blood here.
The gnoll closely misses you.
The gnoll hits you from afar with a +0 spear.
The gnoll hits you with a +0 halberd.
You are too injured to fight recklessly!
It was a potion of magic.
Magic courses through your body. The gnoll barely misses you.
The gnoll hits you but does no damage. The gnoll barely misses you.
The gnoll hits you with a +0 spear. The gnoll misses you.
Unknown command.
You slash the gnoll!
The gnoll is heavily wounded.
You hit the gnoll but do no damage. You barely miss the gnoll.
The gnoll hits you with a +0 flail!
* * * LOW HITPOINT WARNING * * *
The gnoll closely misses you. x2
Unknown command.
It was a potion of flight.
You feel very buoyant.
You fly up into the air.
The gnoll barely misses you. The gnoll hits you with a +0 flail.
* * * LOW HITPOINT WARNING * * *
The gnoll barely misses you.
Unknown command.
It was a potion of attraction.
You feel attractive to monsters. The gnoll hits you with a +0 spear.
* * * LOW HITPOINT WARNING * * *
The gnoll hits you with a +0 flail.
You die...

+..... ###### #.....
####....# #.....
##.......# .....
.........# ...
.........###############
.........'.......†..)..)
.......g.###############
####..@g# ...... #.g..#
...... #....# ......
###### ######


You could see 3 gnolls.

Vanquished Creatures
  A gnoll (D:1)
  2 adders (D:2)
  A worm (D:2)
  A dart slug (D:1)
  7 bats
  4 endoplasms (D:1)
  4 goblins
  5 hobgoblins (D:1)
  5 jackals
  A quokka (D:1)
  3 ball pythons
  A frilled lizard (D:1)
  6 kobolds
  8 rats
49 creatures vanquished.

Notes
Turn   | Place    | Note
-------+----------+-------------------------------------------
     0 | D:1      | Jorund the Gnoll Wanderer began the quest for the Orb.
     0 | D:1      | Jorund set off with the following items: a +0 club, a
                  | potion of curing, 2 scrolls of teleportation, a +0 leather
                  | armour, a wand of polymorph (16).
     0 | D:1      | Reached XP level 1. HP: 26/26 MP: 4/4
    93 | D:1      | Reached XP level 2. HP: 20/33 MP: 5/5
   497 | D:1      | Reached XP level 3. HP: 31/38 MP: 7/7
   640 | D:1      | Reached skill level 1 in Invocations
   662 | D:1      | Reached skill level 1 in Short Blades
   662 | D:1      | Reached skill level 1 in Long Blades
   662 | D:1      | Reached skill level 1 in Axes
   662 | D:1      | Reached skill level 1 in Maces & Flails
   662 | D:1      | Reached skill level 1 in Polearms
   662 | D:1      | Reached skill level 1 in Staves
   662 | D:1      | Reached skill level 1 in Ranged Weapons
   662 | D:1      | Reached skill level 1 in Throwing
   662 | D:1      | Reached skill level 1 in Dodging
   662 | D:1      | Reached skill level 1 in Shields
   662 | D:1      | Reached skill level 1 in Unarmed Combat
  1379 | D:2      | Reached XP level 4. HP: 23/45 MP: 8/8
  1512 | D:2      | Reached skill level 1 in Conjurations
  1512 | D:2      | Reached skill level 1 in Hexes
  1512 | D:2      | Reached skill level 1 in Summonings
  1512 | D:2      | Reached skill level 1 in Necromancy
  1512 | D:2      | Reached skill level 1 in Translocations
  1512 | D:2      | Reached skill level 1 in Transmutations
  1512 | D:2      | Reached skill level 1 in Fire Magic
  1512 | D:2      | Reached skill level 1 in Ice Magic
  1512 | D:2      | Reached skill level 1 in Air Magic
  1512 | D:2      | Reached skill level 1 in Earth Magic
  1512 | D:2      | Reached skill level 1 in Poison Magic
  1764 | D:2      | Slain by a gnoll

Illustrated notes

Levels and vault maps discovered:
D:1:      heliophobic_arrival_ceremonial_halls, layout_basic
D:2:      layout_basic

Skill      XL: |  1  2  3  4 |
---------------+-------------+-----
Invocations    | 1 |  1.3
Short Blades   | 1 |  1.2
Long Blades    | 1 |  1.2
Axes           | 1 |  1.2
Maces & Flails | 1 |  1.2
Polearms       | 1 |  1.2
Staves         | 1 |  1.2
Ranged Weapons | 1 |  1.2
Throwing       | 1 |  1.2
Dodging        | 1 |  1.2
Shields        | 1 |  1.2
Unarmed Combat | 1 |  1.2
Spellcasting   | 3 |  3.0
Conjurations   | 1 |  1.0
Hexes          | 1 |  1.0
Summonings     | 1 |  1.0
Necromancy     | 1 |  1.0
Translocations | 1 |  1.0
Transmutations | 1 |  1.0
Fire Magic     | 1 |  1.0
Ice Magic      | 1 |  1.0
Air Magic      | 1 |  1.0
Earth Magic    | 1 |  1.0
Poison Magic   | 1 |  1.0
Fighting       | |  8.6
Armour         | |  2.8
Stealth        | |  2.6
Evocations     | |  6.6

Action                   |  1- 3 |  4- 6 || total
-------------------------+-------+-------++-------
Melee: Club              |   177 |       ||   177
       Bite              |    13 |     2 ||    15
       Hand axe          |     9 |    27 ||    36
       Punch             |     1 |       ||     1
  Use: Potion            |     1 |     3 ||     4
 Stab: Sleeping          |     4 |     1 ||     5
Armor: Leather armour    |    82 |     9 ||    91
Dodge: Dodged            |   167 |    23 ||   190

Table legend: (Time is in decaauts)
 A = Elapsed time spent in this place.
 B = Non-inter-level travel time spent in this place.
 C = Inter-level travel time spent in this place.
 D = Time resting spent in this place.
 E = Time spent auto-exploring this place.
 F = Levels seen in this place.
 G = Mean time per level.
                   A        B        C        D        E       F      G
               +--------+--------+--------+--------+--------+-----+--------+
         Total |   1820 |   1729 |     91 |    333 |    966 |   2 |  910.0 |
       Dungeon |   1820 |   1729 |     91 |    333 |    966 |   2 |  910.0 |
               +--------+--------+--------+--------+--------+-----+--------+

Top non-repeatable levels by time:
     D:1: 1216 daAuts
     D:2: 603 daAuts
